 Dungeon Crawl Stone Soup version 0.30-a0-121-gb27577e5d9 (webtiles) character file.

Game seed: 9583609219861064891

285 MisterAzrael the Chopper (level 6, -1/52 HPs)
             Began as a Hill Orc Fighter on Sept 14, 2022.
             Was a Follower of Zin.
             Slain by a kobold brigand
             ... wielding a +0 war axe
              (6 damage)
             ... in a bailey.
             The game lasted 00:04:02 (3534 turns).

MisterAzrael the Chopper (Hill Orc Fighter)         Turns: 3534, Time: 00:04:03

Health: -1/52      AC: 11    Str: 22    XL:     6   Next: 29%
Magic:  6/8        EV:  7    Int:  9    God:    Zin [*.....]
Gold:   200        SH:  4    Dex: 11    Spells: 5/5 levels left

rFire   . . .      SeeInvis .    s - +0 broad axe
rCold   . . .      Faith    .    c - +0 buckler
rNeg    . . .      Spirit   .    p - +0 chain mail
rPois   ∞          Reflect  .    v - +1 hat
rElec   .          Harm     .    (no cloak)
rCorr   .          Rampage  .    j - +0 pair of gloves
Will    .....                    (no boots)
Stlth   ..........               (no amulet)
HPRegen 0.17/turn                t - ring of flight
MPRegen 0.11/turn                (no ring)

@: mighty, vitalised, flying
A: no striking features
a: Renounce Religion, Recite, Donate Gold


You were in a bailey.
You worshipped Zin.
Zin was aware of your devotion.
You visited 1 branch of the dungeon, and saw 5 of its levels.
You also visited: Bailey.

You collected 222 gold pieces.
You donated 22 gold pieces to Zin.

Inventory:

Hand Weapons
 a - a +0 war axe
 s - a +0 broad axe (weapon)
Missiles
 u - 8 poisoned darts
Armour
 b - a +0 scale mail
 c - a +0 buckler (worn)
 j - a +0 pair of gloves (worn)
 p - a +0 chain mail (worn)
 v - a +1 hat (worn)
Jewellery
 t - a ring of flight (left hand)
Wands
 y - a wand of charming (8)
Scrolls
 e - a scroll of enchant weapon {unknown}
 g - 4 scrolls of identify {unknown}
 h - a scroll of noise {unknown}
 i - a scroll of butterflies {unknown}
 l - 2 scrolls of immolation {unknown}
 m - 4 scrolls of enchant armour {unknown}
 n - 3 scrolls of amnesia {unknown}
 q - 2 scrolls of teleportation {unknown}
 w - a scroll of fear {unknown}
 x - 3 scrolls of brand weapon {unknown}
Potions
 d - a potion of might
 f - 3 potions of curing {unknown}
 k - 2 potions of resistance {unknown}
 o - a potion of flight {unknown}
 r - 2 potions of brilliance {unknown}


   Skills:
 - Level 3.7 Fighting
 + Level 7.2 Axes
 - Level 3.3 Armour
 - Level 3.3 Shields
 + Level 3.8 Invocations


You had 5 spell levels left.
You didn't know any spells.
Your spell library contained the following spells:

 Spells                   Type           Power      Damage    Failure   Level
 Blink                    Tloc           0%         N/A       100%        2
 Dazzling Flash           Conj/Hex       0%         N/A       100%        3
 Manifold Assault         Tloc           0%         N/A       100%        4
 Agony                    Necr           0%         N/A       100%        5
 Silence                  Hex/Air        0%         N/A       100%        5
 Storm Form               Tmut/Air       0%         N/A       100%        7


Dungeon Overview and Level Annotations

Branches:
Dungeon (7/15)             Bailey (1/1)
 Temple: D:4-7

Altars:
Zin


Message History

You completely miss the kobold brigand. You closely miss the kobold.
You barely miss the kobold. You block the kobold's attack.
The kobold hits you but does no damage.
The kobold brigand hits you with a +0 war axe.
The kobold brigand hits you with a +0 war axe!
The kobold completely misses you.
You slash the kobold brigand!
The kobold brigand is heavily wounded.
You hit the kobold brigand. You hit the kobold.
You kill the kobold!
You slash the kobold!
You kill the kobold!
You barely miss the kobold. You closely miss the kobold.
The kobold barely misses you. You block the kobold brigand's attack.
The kobold brigand hits you but does no damage.
The kobold barely misses you.
You barely miss the kobold brigand.
The kobold brigand is heavily wounded.
You barely miss the kobold brigand. You slash the kobold brigand!
You miss the kobold. You block the kobold brigand's attack.
The kobold brigand hits you with a +0 war axe!
* * * LOW HITPOINT WARNING * * *
The kobold hits you but does no damage.
The kobold brigand hits you with a +0 war axe.
* * * LOW HITPOINT WARNING * * *
Zin grants you divine stamina.
You can no longer call upon Zin for vitalisation.
The kobold brigand hits you but does no damage. x2
The kobold hits you but does no damage.
The kobold brigand hits you with a +0 war axe.
* * * LOW HITPOINT WARNING * * *
You block the kobold's attack.
You closely miss the kobold brigand. You slash the kobold brigand!
You closely miss the kobold brigand. You hit the kobold.
You kill the kobold!
You slash the kobold!
You kill the kobold!
The kobold brigand barely misses you. You block the kobold brigand's attack.
The kobold brigand hits you with a +0 war axe.
You die...

##.....##
#...∩...#
#.......#
##..∩..##
##'''## #...#
#..(# #(((#
#(@K#
#~..(KK..~#
#~~.......~~#
..~~.......~~...
##~~.......~~###
..~~.......~~..
##~~.......~~###
.~~.......~~.


You could see 3 kobold brigands.

Vanquished Creatures
  A water moccasin (D:7)
  A hound (D:3)
  6 adders
  2 worms (D:2)
  2 dart slugs
  4 orcs
  7 ball pythons
  7 bats
  5 endoplasms
  2 giant cockroaches
  13 goblins
  7 hobgoblins
  17 kobolds
  A quokka (D:2)
  3 frilled lizards
  3 rats
81 creatures vanquished.

Notes
Turn   | Place    | Note
-------+----------+-------------------------------------------
     0 | D:1      | MisterAzrael the Hill Orc Fighter began the quest for the
                  | Orb.
     0 | D:1      | Reached XP level 1. HP: 19/19 MP: 1/1
   188 | D:1      | Reached skill level 3 in Axes
   225 | D:1      | Reached XP level 2. HP: 27/27 MP: 2/2
   490 | D:1      | Reached skill level 4 in Axes
  1100 | D:2      | Reached XP level 3. HP: 33/33 MP: 3/3
  1340 | D:2      | Reached skill level 5 in Axes
  1589 | D:2      | Reached XP level 4. HP: 39/40 MP: 4/4
  2326 | D:3      | Found a glowing silver altar of Zin.
  2339 | D:3      | Became a worshipper of Zin the Law-Giver
  2339 | D:3      | Reached * piety under Zin
  2384 | D:3      | Reached skill level 6 in Axes
  2458 | D:3      | Reached skill level 1 in Invocations
  2495 | D:3      | Found a faded altar of an unknown god.
  2607 | D:3      | Reached XP level 5. HP: 41/46 MP: 6/6
  2788 | D:3      | Reached ** piety under Zin
  3238 | D:4      | You are sucked into a shaft and drop 3 floors!
  3284 | D:7      | Noticed a water moccasin
  3285 | D:7      | Found a flagged portal.
  3289 | D:7      | Killed a water moccasin
  3290 | D:7      | Reached skill level 7 in Axes
  3290 | D:7      | Reached XP level 6. HP: 33/52 MP: 6/8
  3508 | Bailey   | Entered a bailey
  3534 | Bailey   | Slain by a kobold brigand

Illustrated notes

Levels and vault maps discovered:
D:1:      dpeg_arrival_round_a, layout_loops_corners,
          minmay_misc_feat_secret_circle
D:2:      layout_basic, minmay_goblin_outpost
D:3:      layout_basic, zin_academy, hellmonk_ecumenical_altar_lost_god
D:4:      layout_cave_pools, mainiacjoe_overflow_tiny_flanked
D:7:      minmay_the_grid_octo_tiled_squarecenter [minmay_the_grid_octo_toaster,
          minmay_the_grid_octo_fat_diamond, minmay_the_grid_octo_pinwheel,
          minmay_the_grid_octo_empty,
          minmay_the_grid_square_5x5_megaprize_crossed,
          minmay_the_grid_square_5x5_forky,
          minmay_the_grid_square_5x5_pentomino_r,
          minmay_the_grid_square_5x5_tri_point,
          minmay_the_grid_square_5x5_beaten_path], layout_loops_ring,
          mainiacjoe_overflow_boulevard, serial_co_window_serial,
          co_window_corner_a, co_window_paths_a, co_window_paths_a,
          co_window_of_opportunity_a, co_window_paths_b, co_window_2corner,
          co_window_broadway_a, co_window_corner_cb, co_window_broadway_b,
          glass_columns_a, glass_columns_c, enter_bailey_3, minivault_1
Bailey:   bailey_axe_3, bailey

Skill      XL: |  1  2  3  4  5 |
---------------+----------------+-----
Axes           | 3 4 5 6 7 |  7.2
Invocations    | 1 3 |  3.8
Fighting       | |  3.7
Armour         | |  3.3
Shields        | |  3.3

Action                   |  1- 3 |  4- 6 || total
-------------------------+-------+-------++-------
Melee: War axe           |   101 |    41 ||   142
       Broad axe         |       |    59 ||    59
Invok: Vitalisation      |       |     1 ||     1
  Use: Potion            |       |     1 ||     1
Armor: Scale mail        |    52 |     3 ||    55
       Chain mail        |       |    54 ||    54
Dodge: Dodged            |    50 |    48 ||    98
Block: Buckler           |    17 |    32 ||    49

Table legend: (Time is in decaauts)
 A = Elapsed time spent in this place.
 B = Non-inter-level travel time spent in this place.
 C = Inter-level travel time spent in this place.
 D = Time resting spent in this place.
 E = Time spent auto-exploring this place.
 F = Levels seen in this place.
 G = Mean time per level.
                   A        B        C        D        E       F      G
               +--------+--------+--------+--------+--------+-----+--------+
         Total |   3592 |   3407 |    185 |    253 |   2487 |   6 |  598.7 |
       Dungeon |   3565 |   3380 |    185 |    253 |   2487 |   5 |  713.0 |
        Bailey |     27 |     27 |      0 |      0 |      0 |   1 |   27.0 |
               +--------+--------+--------+--------+--------+-----+--------+

Top non-repeatable levels by time:
     D:2: 1198 daAuts
     D:1: 1091 daAuts
     D:3: 819 daAuts
     D:7: 273 daAuts
     D:4: 182 daAuts
  Bailey: 27 daAuts
